 Dungeon Crawl Stone Soup version 0.28.0-53-g5a82cb258f (webtiles) character file.

Game seed: 1974196429083290816

163 Gabide the Ruffian (level 5, -10/41 HPs)
             Began as a Mummy Berserker on May 28, 2022.
             Was a Believer of Trog.
             Mangled by a gnoll
             ... wielding a +0 halberd
              (13 damage)
             ... on level 3 of the Dungeon.
             The game lasted 00:04:22 (3142 turns).

Gabide the Ruffian (Mummy Berserker)                Turns: 3142, Time: 00:04:22

Health: -10/41     AC:  5    Str: 22    XL:     5   Next: 20%
Magic:  5/5        EV: 11    Int:  6    God:    Trog [**....]
Gold:   33         SH:  0    Dex: 12    Spells: 4/4 levels left

rFire   x . .      SeeInvis .     - Unarmed
rCold   + . .      Faith    .   (no shield)
rNeg    + + +      Spirit   .   a - +0 ring mail
rPois   ∞          Reflect  .   (no helmet)
rElec   .          Harm     .   (no cloak)
rCorr   .          Rampage  .   (no gloves)
Will    .....                   (no boots)
Stlth   +.........              (no amulet)
HPRegen 0.13/turn               (no ring)
MPRegen 0.09/turn               (no ring)

@: no status effects
A: cold resistance 1, negative energy resistance 3, torment resistance 2, heat
vulnerability 1, no potions
a: Renounce Religion, Trog's Hand


You were on level 3 of the Dungeon.
You worshipped Trog.
Trog was pleased with you.
You visited 1 branch of the dungeon, and saw 3 of its levels.

You collected 67 gold pieces.
You spent 34 gold pieces at shops.

Inventory:

Armour
 a - a +0 ring mail (worn)
Scrolls
 b - a scroll of teleportation
 d - a scroll of amnesia
 e - a scroll of magic mapping
 f - a scroll of immolation {unknown}
 g - a scroll of fear {unknown}


   Skills:
 - Level 3.0 Fighting
 + Level 2.9 Armour
 - Level 1.5 Dodging
 - Level 4.2 Unarmed Combat


You had 4 spell levels left.
You didn't know any spells.
Your spell library was empty.

Dungeon Overview and Level Annotations

Branches:
Dungeon (3/15)

Altars:

Shops:
D:2 *


Innate Abilities, Weirdness & Mutations

You are immune to poison.
Your flesh is cold resistant. (rC+)
You are immune to negative energy. (rN+++)
You are immune to unholy pain and torment.
You are vulnerable to heat. (rF-)
You do not drink.


Message History

The gnoll hits you from afar with a +0 halberd.
A hobgoblin comes into view.
The gnoll hits you but does no damage. The gnoll barely misses you.
You see here a +0 dagger.
You hit the gnoll.
The gnoll is lightly wounded.
The gnoll barely misses you. The gnoll hits you but does no damage.
You punch the gnoll!
The gnoll is heavily wounded.
The gnoll hits you with a +0 halberd. The gnoll barely misses you.
You are too injured to fight recklessly!
You are too injured to fight recklessly!
You are too injured to fight recklessly!
You are too injured to fight recklessly!
You are too injured to fight recklessly!
You are too injured to fight recklessly!
You are too injured to fight recklessly!
The gnoll misses you.
Your skin crawls.
You feel strong-willed. The gnoll barely misses you.
There is an open door here.
You feel the effects of Trog's Hand fading.
You see here a bullfrog corpse.
Your skin stops crawling.
You feel less strong-willed. The gnoll hits you with a +0 halberd!
You closely miss the gnoll.
The gnoll is heavily wounded.
The gnoll hits you with a +0 halberd!
You barely miss the gnoll.
The gnoll is heavily wounded.
The gnoll hits you from afar with a +0 halberd.
* * * LOW HITPOINT WARNING * * *
The gnoll barely misses you.
You hit the gnoll.
The gnoll is almost dead.
The gnoll hits you from afar with a +0 halberd!
* * * LOW HITPOINT WARNING * * *
The gnoll hits you with a +0 halberd!
You die...

#........#
#........#
#........####.#
##...........>.#
#......>..######
#.........#
#######
#.....gg#.#
#......
#######g#.#
#.##### #@#.#
#.# #†#.# #.#
#.#.# #.# #.#.#
#.# #.#.. #.#
#.# #.#
#.##########.#
#............#
##############


You could see 2 gnolls and a hobgoblin.

Vanquished Creatures
  A bullfrog (D:3)
  Terence (D:2)
  An adder (D:2)
  A worm (D:2)
  A dart slug (D:1)
  2 orcs
  7 bats
  5 endoplasms
  4 giant cockroaches
  5 goblins
  6 hobgoblins
  8 jackals
  6 kobolds
  A quokka (D:2)
  4 ball pythons
  2 frilled lizards
  2 rats (D:1)
57 creatures vanquished.

Notes
Turn   | Place    | Note
-------+----------+-------------------------------------------
     0 | D:1      | Gabide the Mummy Berserker began the quest for the Orb.
     0 | D:1      | Reached XP level 1. HP: 18/18 MP: 1/1
   348 | D:1      | Reached skill level 3 in Unarmed Combat
   348 | D:1      | Reached XP level 2. HP: 24/24 MP: 2/2
   647 | D:1      | Found a faded altar of an unknown god.
   864 | D:1      | Reached XP level 3. HP: 16/29 MP: 3/3
  1397 | D:2      | Found Xifikuta's Assorted Antiques.
  1400 | D:2      | Bought a scroll labelled ASEKLAHIGO for 17 gold pieces
  1623 | D:2      | Reached ** piety under Trog
  1709 | D:2      | Noticed Terence
  1733 | D:2      | Killed Terence
  1734 | D:2      | Reached skill level 4 in Unarmed Combat
  1940 | D:2      | Reached XP level 4. HP: 31/35 MP: 4/4
  2913 | D:2      | Bought a scroll labelled PEWKIAWYPP for 17 gold pieces
  3022 | D:3      | Noticed a bullfrog
  3038 | D:3      | Killed a bullfrog
  3039 | D:3      | Reached XP level 5. HP: 28/41 MP: 5/5
  3142 | D:3      | Mangled by a gnoll

Illustrated notes

Levels and vault maps discovered:
D:1:      dpeg_arrival_signposts, layout_basic, basic_ecumenical_altar,
          serial_glass, glass_columns_a, glass_columns_b
D:2:      layout_loops_corners, serial_shops, nicolae_shop_behind_doors,
          uniq_terence
D:3:      layout_basic, serial_shops, shop

Skill      XL: |  1  2  3  4 |
---------------+-------------+-----
Unarmed Combat | 3 4 |  4.2
Armour         | 2 |  2.9
Fighting       | |  3.0
Dodging        | |  1.5

Action                   |  1- 3 |  4- 6 || total
-------------------------+-------+-------++-------
Melee: Unarmed           |   159 |    97 ||   256
       Punch             |     2 |     1 ||     3
Invok: Trog's Hand       |     1 |     2 ||     3
  Use: Scroll            |     1 |     2 ||     3
 Stab: Sleeping          |     1 |       ||     1
Armor: Animal skin       |    31 |       ||    31
       Leather armour    |     3 |    13 ||    16
       Ring mail         |       |    18 ||    18
Dodge: Dodged            |   121 |    74 ||   195
